 Dungeon Crawl Stone Soup version 0.28.0-47-ge53b351184 (webtiles) character file.

Game seed: 3248580862045055506

98 pkoi the Insei (level 4, -4/36 HPs)
             Began as a Demigod Gladiator on May 5, 2022.
             Slain by an iguana (7 damage)
             ... on level 3 of the Dungeon.
             The game lasted 00:05:03 (2883 turns).

pkoi the Insei (Demigod Gladiator)                  Turns: 2883, Time: 00:05:03

Health: -4/36      AC:  7    Str: 21    XL:     4   Next: 20%
Magic:  6/6        EV: 11    Int: 14    God:
Gold:   87         SH:  0    Dex: 15    Spells: 3/3 levels left

rFire   . . .      SeeInvis .     - Unarmed
rCold   . . .      Faith    .   (no shield)
rNeg    . . .      Spirit   .   p - +0 ring mail
rPois   .          Reflect  .   b - +0 helmet
rElec   .          Harm     .   (no cloak)
rCorr   .          Rampage  .   (no gloves)
Will    .....                   o - +0 pair of boots
Stlth   +.........              (no amulet)
HPRegen 0.12/turn               h - +6 ring of strength
MPRegen 0.10/turn               (no ring)

@: no status effects
A: high MP 1, forlorn, divine attributes
a: no special abilities


You were on level 3 of the Dungeon.
You visited 1 branch of the dungeon, and saw 3 of its levels.

You collected 87 gold pieces.

Inventory:

Hand Weapons
 m - a +0 dagger
Missiles
 c - 3 throwing nets
 q - 25 stones
 r - 4 poisoned darts (quivered)
Armour
 a - a +0 leather armour
 b - a +0 helmet (worn)
 o - a +0 pair of boots (worn)
 p - a +0 ring mail (worn)
Jewellery
 h - a +6 ring of strength (left hand)
 i - a ring of fire
Scrolls
 d - 3 scrolls of identify {unknown}
 k - a scroll of blinking {unknown}
 l - 2 scrolls of summoning {unknown}
 n - a scroll of vulnerability {unknown}
Potions
 e - a potion of lignification {unknown}
 f - a potion of heal wounds {unknown}
 g - a potion of curing {unknown}
 j - a potion of attraction {unknown}


   Skills:
 - Level 1.7 Fighting
 - Level 1.7 Throwing
 - Level 2.6 Dodging
 * Level 4.8 Unarmed Combat


You had 3 spell levels left.
You didn't know any spells.
Your spell library was empty.

Dungeon Overview and Level Annotations

Branches:
Dungeon (3/15)

Shops:
D:1 *


Innate Abilities, Weirdness & Mutations

You have an increased reservoir of magic. (+10% MP)
You shall have no god before yourself.
Your divine heritage dramatically boosts your attributes as you level up.


Message History

The goblin wields a staff of earth.
The goblin hits you with a staff of earth.
You hit the goblin.
The goblin is heavily wounded.
The goblin barely misses you.
The iguana hisses angrily.
You punch the goblin!
You kill the goblin!
You hear a shout! x2
Things that are here:
a staff of earth; a +0 vorpal hunting sling; 18 stones The iguana bites you!
* * * LOW HITPOINT WARNING * * *
You barely miss the iguana.
The iguana bites you but does no damage.
You closely miss the iguana.
You hear the quick rusting of a very distant drain.
The iguana bites you but does no damage.
You hit the iguana but do no damage. The iguana bites you.
* * * LOW HITPOINT WARNING * * *
You hit the iguana.
The iguana is moderately wounded.
The iguana hisses menacingly.
The iguana bites you.
* * * LOW HITPOINT WARNING * * *
You hit the iguana but do no damage.
The iguana is moderately wounded.
The iguana bites you.
* * * LOW HITPOINT WARNING * * *
You hit the iguana.
The iguana is heavily wounded.
The iguana bites you!
* * * LOW HITPOINT WARNING * * *
Throw: 5 darts (poison)
Press: ? - help, Q - select action, (/) - cycle Shift-Dir - straight line, f - iguana
Aim: an iguana (heavily wounded, 61% to hit)
You throw a poisoned dart. The poisoned dart hits the iguana.
The iguana is heavily wounded.
The iguana bites you!
You die...

....#####...(.# #..###
.8.## ##.8..# #<..<##
#.# ..## ##...##
#.....# #.# .##
##...###...#.#
#.###### ##
#..........#.#.......
#
#..###.#..##.#.......
#
#.......!....#.......
#
#.###.$##..###.......
##
##.gl@................
.##
#.|###.###...###'#####
..##
#.....#............#
.8.##
#.8..#.#.##.........#
....##
#.....#.#####........#
...... .......# .
..#...#†##
#########..#### ##
##.#.#.#.# ### #.# #.
#.#.#.#.# #..
########..# #.#
#.#.#.# #..


You could see an iguana and a gnoll.

Vanquished Creatures
  A gnoll (D:2)
  5 adders
  A dart slug (D:3)
  5 goblins
  5 hobgoblins
  6 jackals
  4 quokkas
  5 ball pythons
  5 bats
  2 frilled lizards (D:1)
  3 rats
42 creatures vanquished.

Notes
Turn   | Place    | Note
-------+----------+-------------------------------------------
     0 | D:1      | pkoi the Demigod Gladiator began the quest for the Orb.
     0 | D:1      | Reached XP level 1. HP: 17/17 MP: 3/3
   102 | D:1      | Found Minix's Assorted Antiques.
   115 | D:1      | Reached skill level 3 in Unarmed Combat
   839 | D:2      | Reached XP level 2. HP: 24/24 MP: 4/4
  1367 | D:2      | Reached XP level 3. HP: 29/29 MP: 5/5
  1502 | D:2      | Reached skill level 4 in Unarmed Combat
  2787 | D:3      | Reached XP level 4. HP: 36/36 MP: 6/6
  2883 | D:3      | Slain by an iguana

Illustrated notes

Levels and vault maps discovered:
D:1:      eino_arrival_cavern_b, layout_rooms, serial_shops,
          nicolae_shop_hallway_plus
D:2:      layout_loops_ring, hellmonk_ecumenical_altar_blasted
D:3:      lemuel_castle_with_subvaults [lemuel_castle_interior_carwin_2],
          layout_basic, nicolae_overflow_ecumenical_swirl,
          mainiacjoe_overflow_six_doors_small, cheibrodos_sewer_entry_bend

Skill      XL: |  1  2  3 |
---------------+----------+-----
Unarmed Combat | 3 4 |  4.8
Fighting       | |  1.7
Throwing       | |  1.7
Dodging        | |  2.6

Action                   |  1- 3 |  4- 6 || total
-------------------------+-------+-------++-------
Melee: Unarmed           |   177 |    16 ||   193
       Punch             |     4 |       ||     4
Throw: Dart              |       |     1 ||     1
  Use: Scroll            |     1 |       ||     1
Armor: Leather armour    |    27 |       ||    27
       Ring mail         |    20 |     5 ||    25
Dodge: Dodged            |   128 |     8 ||   136
